 Dungeon Crawl Stone Soup version 0.27-a0-538-g15ff5c5295 (webtiles) character file.

Game seed: 11582879215160541125

58 jasper the Firebug (level 3, -1/26 HPs)
             Began as a Demigod Fire Elementalist on Mar 7, 2021.
             Slain by Grinder (2 damage)
             ... on level 3 of the Dungeon.
             The game lasted 00:04:35 (2101 turns).

jasper the Firebug (Demigod Fire Elementalist)      Turns: 2101, Time: 00:04:35

Health: -1/26      AC:  2    Str: 13    XL:     3   Next: 51%
Magic:  0/8        EV: 12    Int: 17    God:
Gold:   110        SH:  0    Dex: 14    Spells: 4/5 levels left

rFire    . . .     SeeInvis .   (no weapon)
rCold    . . .     Faith    .   (no shield)
rNeg     . . .     Spirit   .   a - +0 robe
rPois    +         Reflect  .   (no helmet)
rElec    .         Harm     .   (no cloak)
rCorr    .         Rampage  .   (no gloves)
Will     .....                  (no boots)
Stlth    ++........             (no amulet)
HPRegen  0.08/turn              d - ring of poison resistance
MPRegen  0.11/turn              (no ring)

@: brilliant
A: high mp 1, forlorn
a: no special abilities


You were on level 3 of the Dungeon.
You visited 1 branch of the dungeon, and saw 3 of its levels.

You collected 110 gold pieces.

Inventory:

Armour
 a - a +0 robe (worn)
 g - a +0 scale mail
 j - a +0 leather armour
Jewellery
 d - a ring of poison resistance (left hand)
Scrolls
 c - a scroll of identify {unknown}
 e - a scroll of enchant weapon {unknown}
Potions
 i - a potion of heal wounds {unknown}


   Skills:
 - Level 1.7 Dodging
 - Level 1.7 Stealth
 - Level 1.7 Spellcasting
 + Level 2.4 Conjurations
 + Level 3.5 Fire Magic


You had 4 spell levels left.
You knew the following spells:

 Your Spells              Type           Power      Damage    Failure   Level
a - Foxfire               Conj/Fire      68%        2x1d7     6%          1

Your spell library contained the following spells:

 Spells                   Type           Power      Damage    Failure   Level
 Conjure Flame            Conj/Fire      17%        6-21      17%         3
 Inner Flame              Hex/Fire       11%        N/A       28%         3
 Sticky Flame             Conj/Fire      17%        2d4       50%         4
 Fireball                 Conj/Fire      8%         3d6       85%         5


Dungeon Overview and Level Annotations

Branches:
Dungeon (3/15)

Annotations:
D:2 Sigmund
D:3 Grinder


Innate Abilities, Weirdness & Mutations

Your attributes grow dramatically as you level up.
You have an increased reservoir of magic. (+10% MP)
You shall have no god before yourself.


Message History

The foxfire hits Grinder.
Grinder is heavily wounded.
The foxfire hits Grinder.
Grinder is heavily wounded.
Grinder gestures at you. Pain shoots through your body!
You take 1 damage, and have 22/26 hp.
Casting: Foxfire (safe; 6% risk of failure)
Press: ? - help, Q - select action Dir - look around, f - activate You conjure some foxfire!
You now have 0/8 mp.
The foxfire hits Grinder.
Grinder is heavily wounded.
The foxfire hits Grinder.
Grinder is severely wounded.
It was a potion of curing.
You feel better. Grinder hits you.
You writhe in agony.
You take 4 damage, and have 18/26 hp.
You don't have enough magic to cast this spell.
You don't have enough magic to cast this spell.
You barely miss Grinder.
Grinder is severely wounded.
Grinder closely misses you.
You hit Grinder but do no damage.
Grinder is severely wounded.
Grinder hits you!
You writhe in agony.
You take 8 damage, and have 10/26 hp.
MASSIVE DAMAGE!!
It was a potion of cancellation.
You feel magically purged. Grinder gestures at you.
You barely resist.
It was a potion of brilliance.
You feel clever all of a sudden. Grinder barely misses you.
Casting: Foxfire (safe; 6% risk of failure)
Press: ? - help, Q - select action Dir - look around, f - activate You feel a surge of power!
You conjure some foxfire!
Grinder hits you!
* * * LOW HITPOINT WARNING * * *
You writhe in agony.
You die...

.........# ########†#
#.# ### #####<# #..
...#.# #.# ##.#.# #.#
###.[..####.##
#..)#........######.#
#.#.........5@.......
#.##.##.....vv...##..
#....##.###.#.##.#
###)†##.# #.#.# #
#..##.# #.#.. #.[##.#
#.#### #...... ...
....... ### #.#.##


You could see Grinder (ally target).

Vanquished Creatures
  A worm (D:2)
  A dart slug (D:1)
  3 leopard geckos (D:2)
  2 ball pythons
  8 giant cockroaches
  2 goblins
  12 hobgoblins
  6 kobolds
  2 bats
  A frilled lizard (D:1)
  3 rats (D:2)
41 creatures vanquished.

Vanquished Creatures (others)
  144 foxfires
144 creatures vanquished.

Grand Total: 185 creatures vanquished

Notes
Turn   | Place    | Note
-------+----------+-------------------------------------------
     0 | D:1      | jasper the Demigod Fire Elementalist began the quest for
                  | the Orb.
     0 | D:1      | Reached XP level 1. HP: 14/14 MP: 5/5
    47 | D:1      | Reached skill level 1 in Conjurations
   299 | D:1      | Reached skill level 3 in Fire Magic
   380 | D:1      | Reached XP level 2. HP: 20/20 MP: 5/7
  1530 | D:2      | Reached XP level 3. HP: 25/26 MP: 3/8
  1961 | D:2      | Noticed Sigmund
  2052 | D:3      | Noticed Grinder
  2101 | D:3      | HP: 1/26 [Grinder (9)]
  2101 | D:3      | Slain by Grinder

Illustrated notes

Levels and vault maps discovered:
D:1:      psy_arrival_spokes, layout_basic, minmay_misc_feat_columns
D:2:      layout_rooms, minmay_worlds_worst_comb, uniq_sigmund, uniq_jessica
D:3:      layout_loops_ring, grunt_temple_overflow_open, uniq_grinder

Skill      XL: |  1  2 |
---------------+-------+-----
Conjurations   | 1 2 |  2.4
Fire Magic     | 3 |  3.5
Dodging        | |  1.7
Stealth        | |  1.7
Spellcasting   | |  1.7

Action                   || total
-------------------------++-------
Melee: Unarmed           ||    17
 Cast: Foxfire           ||    85
  Use: Potion            ||     3
Armor: Robe              ||     9
Dodge: Dodged            ||    28

Table legend: (Time is in decaauts)
 A = Elapsed time spent in this place.
 B = Non-inter-level travel time spent in this place.
 C = Inter-level travel time spent in this place.
 D = Time resting spent in this place.
 E = Time spent auto-exploring this place.
 F = Levels seen in this place.
 G = Mean time per level.
                   A        B        C        D        E       F      G
               +--------+--------+--------+--------+--------+-----+--------+
         Total |   2100 |   2076 |     24 |     30 |   1698 |   3 |  700.0 |
       Dungeon |   2100 |   2076 |     24 |     30 |   1698 |   3 |  700.0 |
               +--------+--------+--------+--------+--------+-----+--------+

Top non-repeatable levels by time:
     D:1: 1524 daAuts
     D:2: 457 daAuts
     D:3: 117 daAuts
